 Dungeon Crawl Stone Soup version 0.19.1 (webtiles) character file.

196 sal the Skirmisher (level 5, -1/47 HPs)
             Began as a Hill Orc Berserker on Dec 15, 2016.
             Was a Believer of Trog.
             Slain by Squonk's ghost (6 damage)
             ... on level 4 of the Dungeon.
             The game lasted 00:17:30 (2023 turns).

sal the Skirmisher (Hill Orc Berserker)             Turns: 2023, Time: 00:17:31

Health: -1/47      AC: 12    Str: 21    XL:     5   Next: 74%
Magic:  14/14      EV:  9    Int:  7    God:    Trog [**....]
Gold:   157        SH:  0    Dex: 10    Spells: 0 memorised, 4 levels left

rFire  . . .     SeeInvis .     g - +0 mace
rCold  . . .     Gourm    .     m - +0 chain mail
rNeg   . . .     Faith    .     (no shield)
rPois  .         Spirit   .     (no helmet)
rElec  .         Reflect  .     (no cloak)
rCorr  .         Harm     .     (no gloves)
MR     .....                    h - +0 pair of boots
Stlth  ..........               (no amulet)
                                v - ring of magical power
                                p - +1 ring of evasion

@: exhausted, starving, slowed, very slow
A: icy blue scales 1, high mp 1
a: Berserk, Trog's Hand, Burn Spellbooks, Renounce Religion


You were on level 4 of the Dungeon.
You worshipped Trog.
Trog was pleased with you.
You were starving.

You visited 1 branch of the dungeon, and saw 4 of its levels.

You collected 157 gold pieces.

Inventory:

Hand Weapons
 a - a +0 hand axe
 g - a +0 mace (weapon)
 i - a +0 hunting sling
Missiles
 d - 120 stones (quivered)
 e - 19 sling bullets
 j - 84 arrows
 k - 19 bolts
Armour
 b - a +0 animal skin
 h - a +0 pair of boots (worn)
 m - a +0 chain mail (worn)
Jewellery
 p - a +1 ring of evasion (left hand)
 v - a ring of magical power (right hand)
Wands
 u - a wand of paralysis (7/24)
Scrolls
 n - a scroll of teleportation
 o - a scroll of remove curse
 r - 5 scrolls of identify
Potions
 l - a potion of ambrosia
 q - a potion of brilliance {unknown}
 s - 2 potions of agility {unknown}
 t - a potion of haste
Comestibles
 c - 2 bread rations
 f - 2 royal jellies


   Skills:
 + Level 4.8 Fighting
 + Level 4.5(5.2) Axes
 + Level 3.0(3.9) Maces & Flails
 + Level 3.4 Armour
 + Level 2.2 Dodging
 + Level 0.1 Stealth


You had 4 spell levels left.
You didn't know any spells.

Dungeon Overview and Level Annotations

Branches:
Dungeon (4/15)
 Temple: D:4-7

Altars:

Annotations:
D:4 Squonk's ghost, amateur HEHu


Innate Abilities, Weirdness & Mutations

You are partially covered in icy blue scales. (AC +2)
You have an increased reservoir of magic. (+10% MP)


Message History

Squonk's ghost hits you but does no damage.
You closely miss Squonk's ghost.
Squonk's ghost is heavily damaged.
Squonk's ghost hits you!
* * * LOW HITPOINT WARNING * * *
Squonk's ghost closely misses you.
Inscribe with what?
Okay, then.
You're too hungry.
You start eating one of the 2 bread rations.
Squonk's ghost hits you!
Keep eating?
* * * LOW HITPOINT WARNING * * *
You continue eating.
Squonk's ghost barely misses you. Squonk's ghost hits you.
* * * LOW HITPOINT WARNING * * *
You continue eating.
Squonk's ghost hits you.
You die...

..>.. .....
#..... .....
+....# #
..... ....##.
..... ####
#..... ...#
#.... #...#
...##
#....##...#
.....
#.........#
.....
#....W@...##
.....
.'..........#
.....
########...##
..... #....#
...## .. #.
#....# ####
.##... #...##
.... #....+
... #....# .
#.. #...## ..


You could see Squonk's ghost.

Vanquished Creatures
  The ghost of Paps the Shield-Bearer, an amateur GrFi of Okawaru (D:3)
  2 adders
  2 dart slugs
  2 leopard geckos
  3 orcs
  4 giant cockroaches
  4 goblins (D:2)
  6 hobgoblins
  2 jackals (D:3)
  5 kobolds
  2 quokkas (D:3)
  9 bats
  3 frilled lizards
  A quokka skeleton (D:3)
  8 rats
54 creatures vanquished.

Notes
Turn   | Place    | Note
-------+----------+-------------------------------------------
     0 | D:1      | sal the Hill Orc Berserker began the quest for the Orb.
     0 | D:1      | Reached XP level 1. HP: 19/19 MP: 1/1
   192 | D:1      | Reached XP level 2. HP: 27/27 MP: 2/2
   693 | D:2      | Reached XP level 3. HP: 20/33 MP: 3/3
   730 | D:2      | Reached ** piety under Trog
  1294 | D:3      | Noticed Paps's ghost (amateur GrFi)
  1303 | D:3      | Killed Paps's ghost
  1303 | D:3      | Reached XP level 4. HP: 36/41 MP: 4/4
  1303 | D:3      | Reached XP level 5. HP: 42/47 MP: 5/5
  1499 | D:3      | Gained mutation: You are clumsy. (Dex -2) [potion of mutation]
  1499 | D:3      | Gained mutation: You are partially covered in icy blue scales. (AC +2) [potion of mutation]
  1499 | D:3      | Gained mutation: You are very clumsy. (Dex -4) [potion of mutation]
  1593 | D:3      | Gained mutation: You have an increased reservoir of magic. (+10% MP) [potion of mutation]
  1593 | D:3      | Gained mutation: You are somewhat resistant to further mutation. [potion of mutation]
  1653 | D:3      | Lost mutation: You are somewhat resistant to further mutation. [potion of cure mutation]
  1653 | D:3      | Lost mutation: You are very clumsy. (Dex -4) [potion of cure mutation]
  1653 | D:3      | Lost mutation: You are clumsy. (Dex -2) [potion of cure mutation]
  1999 | D:4      | Noticed Squonk's ghost (amateur HEHu)
  2023 | D:4      | Slain by Squonk's ghost

Skill      XL: |  1  2  3  4  5 |
---------------+----------------+-----
Fighting       | 4 |  4.8
Maces & Flails | 2 3 |  3.0
Armour         | 3 |  3.4
Dodging        | 2 |  2.2
Axes           | |  4.5
Stealth        | |  0.1

Action                   |  1- 3 |  4- 6 || total
-------------------------+-------+-------++-------
Melee: Hand axe          |    11 |       ||    11
       Mace              |   132 |    63 ||   195
Throw: Stone             |       |     2 ||     2
Invok: Berserk           |     1 |     1 ||     2
       Trog's Hand       |       |     1 ||     1
  Use: Scroll            |     4 |     2 ||     6
       Potion            |     2 |     6 ||     8
  Eat: Bread ration      |     1 |       ||     1
Armor: Animal skin       |     1 |       ||     1
       Ring mail         |    60 |       ||    60
       Scale mail        |    10 |    15 ||    25
       Chain mail        |       |    21 ||    21
Dodge: Dodged            |   107 |    35 ||   142
